AoeStats
← Chiripa605

Lombardia

507250494Analyzed
4v4 RM · 16d ago on Sep 17, 2026· 10m 47s· 8 players
Game mode
Random Map
Map size
Large (8 player)
Population
200
Speed
Normal
Resources
Standard
Victory
Conquest
Starting age
Dark Age
Ending age
Imperial Age
RankedLock teamsTeams togetherTeam positionsShared explorationLock speedFull tech treeHidden civsTurbo modeCheats
Victory
Defeat
🇦🇷 Portuguese · Argentina
1306
+13
🇹🇼 Slavs · Taiwan
1296
+14
🇺🇸 Hindustanis · United States
1265
+15
🇭🇰 Koreans · Hong Kong SAR China
1260
+15
🇸🇪 Khmer · Sweden
1292
-17
🇸🇰 Bohemians · Slovakia
1243
-14
🇩🇪 Magyars · Germany
1230
-14
🇫🇴 Japanese · Faroe Islands
1195
-12
kolim
2:37 Loom
11:43 Feudal Age
smurfik
10:57 Feudal Age
Kaben
10:18 Feudal Age
Daddy
2:55 Loom
11:37 Feudal Age
Chiripa605
7:18 Loom
9:31 Feudal Age
10:01 Double-Bit Axe
WOLF
0:28 Loom
10:49 Feudal Age
ocheda
4:43 Loom
10:38 Feudal Age
Agua Mineral
12:00 Feudal Age
Connection lost

Rejoining the realm…

Still unreachable

The connection could not be restored.

Session expired

The server has moved on; the page needs a fresh start.